 Dungeon Crawl Stone Soup version 0.24.0-1-gfbc8707122 (console) character file.

Game seed: 6925486194281378928, levelgen mode: deterministic

3107565 Kagalorn the Conqueror (level 27, 273/273 HPs)
             Began as a Minotaur Fighter on Oct 26, 2019.
             Was the Champion of the Shining One.
             Escaped with the Orb
             ... and 5 runes on Oct 28, 2019!
             The game lasted 06:59:03 (77232 turns).

Kagalorn the Conqueror (Minotaur Fighter)          Turns: 77232, Time: 06:59:04

Health: 273/273    AC: 50    Str: 29    XL:     27
Magic:  38/38      EV: 27    Int: 13    God:    the Shining One [******]
Gold:   9105       SH: 31    Dex: 17    Spells: 26/26 levels left

rFire    + + .     SeeInvis .   b - +10 broad axe {freeze, rPois Int+4}
rCold    + + .     Gourm    .   H - +4 large shield
rNeg     + + +     Faith    .   V - +12 gold dragon scales
rPois    +         Spirit   .   O - +1 hat
rElec    .         Reflect  .   D - +2 cloak
rCorr    +         Harm     .   L - +2 pair of gloves of the Country {Dex+4}
MR       ++...     Rnd*Tele +   v - +0 pair of boots
Stlth    ..........             y - amulet of regeneration
HPRegen  0.95/turn              C - ring "Keat" {rF+ rC+ rCorr}
MPRegen  0.26/turn              N - ring of Henotheism {*Corrode +Blink EV+6 Dex+2 Slay+5}

@: glowing
A: retaliatory headbutt, horns 2, blurry vision 1, clever 1, teleportitis 1,
weak 1, sturdy frame 1
0: Orb of Zot
}: 5/15 runes: decaying, serpentine, slimy, silver, abyssal
a: Divine Shield, Cleansing Flame, Summon Divine Warrior, Renounce Religion,
Evoke Blink


You escaped.
You worshipped the Shining One.
The Shining One was exalted by your worship.
You were not hungry.

You visited 13 branches of the dungeon, and saw 59 of its levels.
You visited the Abyss 4 times.
You also visited: Gauntlet and Ice Cave.

You collected 10710 gold pieces.
You spent 1605 gold pieces at shops.

Inventory:

Hand Weapons
 b - the +10 broad axe "Murmur" (weapon) {freeze, rPois Int+4}
   (You found it on level 5 of the Pits of Slime)

   It has been specially enchanted to freeze those struck by it, causing extra
   injury to most foes and up to half again as much damage against particularly
   susceptible opponents.
   It can also slow down cold-blooded creatures.
   It affects your intelligence (+4).
   It protects you from poison.
 c - a +9 sacred scourge of holy wrath
 W - the +11 trident "Backscratcher" {pierce, +Fly rF+ rN+}
   (You found it on level 2 of the Lair of Beasts)

   It inflicts extra damage upon your enemies.
   It protects you from fire.
   It protects you from negative energy.
   It lets you fly.
Missiles
 a - 60 bolts
 X - 17 silver javelins (quivered)
Armour
 v - a +0 pair of boots (worn)
 D - a +2 cloak (worn)
 H - a +4 large shield (worn)
 L - the +2 pair of gloves of the Country (worn) {Dex+4}
   (You acquired it on level 3 of the Lair of Beasts)

   It affects your dexterity (+4).
 O - a +1 hat (worn)
 V - +12 gold dragon scales (worn)
Jewellery
 l - an uncursed ring of protection from magic
 m - an uncursed ring of protection from magic
 u - an uncursed amulet of faith
 w - the ring "Haet" {+Blink rC- Str+4 Dex+5 Slay+3}
   (You found it on level 1 of the Realm of Zot)

   [ring of slaying]

   It affects your strength (+4).
   It affects your dexterity (+5).
   It affects your accuracy and damage with ranged weapons and melee attacks
   (+3).
   It makes you vulnerable to cold.
   It lets you blink.
 y - an amulet of regeneration (around neck)
 C - the ring "Keat" (left hand) {rF+ rC+ rCorr}
   (You found it on level 5 of the Vaults)

   [ring of resist corrosion]

   It protects you from fire.
   It protects you from cold.
   It provides partial protection from all sources of acid and corrosion.
 N - the ring of Henotheism (right hand) {*Corrode +Blink EV+6 Dex+2 Slay+5}
   (You found it on level 3 of the Depths)

   [ring of evasion]

   It affects your evasion (+6).
   It affects your dexterity (+2).
   It affects your accuracy and damage with ranged weapons and melee attacks
   (+5).
   It lets you blink.
   It may corrode you when you take damage.
 P - the ring "Hiudao" {AC+3 Str+4 SInv}
   (You acquired it on level 3 of the Lair of Beasts)

   [ring of protection]

   It affects your AC (+3).
   It affects your strength (+4).
   It lets you see invisible.
 S - an uncursed ring of poison resistance
 Y - the ring "Liavogis" {Fire +Blink +Inv Str+4}
   (You acquired it on level 1 of the Depths)

   [ring of fire]

   It enhances your fire magic.
   It affects your strength (+4).
   It protects you from fire.
   It makes you vulnerable to cold.
   It lets you turn invisible.
   It lets you blink.
 Z - an uncursed ring of protection from cold
Wands
 E - a wand of acid (41)
 Q - a wand of digging (22)
 T - a wand of iceblast (59)
Scrolls
 e - 25 scrolls of teleportation
 h - 12 scrolls of blinking
 k - 5 scrolls of summoning
 n - 5 scrolls of brand weapon
 p - 5 scrolls of silence
 q - 30 scrolls of remove curse
 r - 12 scrolls of fog
 t - 3 scrolls of identify
 x - 8 scrolls of magic mapping
 F - 3 scrolls of holy word
 K - 3 scrolls of amnesia
 M - 7 scrolls of enchant weapon
 U - 6 scrolls of fear
Potions
 d - 12 potions of might
 g - 12 potions of lignification
 j - 7 potions of heal wounds
 o - 5 potions of agility
 s - 11 potions of haste
 z - a potion of berserk rage
 B - 4 potions of cancellation
 G - 7 potions of resistance
 I - 14 potions of curing
 J - 7 potions of magic
Miscellaneous
 A - a lamp of fire
 R - 4 boxes of beasts
Comestibles
 f - 46 rations


   Skills:
 O Level 27 Fighting
 - Level 21.0 Axes
 O Level 27 Armour
 * Level 21.7 Dodging
 - Level 25.0 Shields
 * Level 24.6 Invocations
 - Level 12.0 Evocations


You had 26 spell levels left.
You didn't know any spells.
Your spell library contained the following spells:

 Spells                   Type           Power        Failure   Level  Hunger
 Animate Skeleton         Necr           N/A          77%         1    ##.....
 Apportation              Tloc           #.....       77%         1    ##.....
 Beastly Appendage        Tmut           #.....       77%         1    ##.....
 Confusing Touch          Hex            #.....       77%         1    ##.....
 Corona                   Hex            #......      77%         1    ##.....
 Infusion                 Chrm           #...         77%         1    ##.....
 Magic Dart               Conj           #...         77%         1    ##.....
 Pain                     Necr           #...         77%         1    ##.....
 Shock                    Conj/Air       #...         77%         1    ##.....
 Summon Butterflies       Summ           #.......     77%         1    ##.....
 Summon Small Mammal      Summ           #...         77%         1    ##.....
 Blink                    Tloc           N/A          88%         2    ###....
 Call Imp                 Summ           #.......     88%         2    ###....
 Corpse Rot               Necr           N/A          88%         2    ###....
 Ensorcelled Hibernation  Hex/Ice        #.....       88%         2    ###....
 Poisonous Vapours        Pois/Air       #.....       88%         2    ###....
 Searing Ray              Conj           #.....       88%         2    ###....
 Shroud of Golubria       Chrm/Tloc      #.....       88%         2    ###....
 Slow                     Hex            #.......     88%         2    ###....
 Song of Slaying          Chrm           #.......     88%         2    ###....
 Sticks to Snakes         Tmut           #.......     88%         2    ###....
 Sublimation of Blood     Necr           #.........   88%         2    ###....
 Swiftness                Chrm/Air       #.......     88%         2    ###....
 Throw Frost              Conj/Ice       #.....       88%         2    ###....
 Call Canine Familiar     Summ           #.......     98%         3    ####...
 Confuse                  Hex            #.......     98%         3    ####...
 Conjure Flame            Conj/Fire      #.......     98%         3    ####...
 Dazzling Spray           Conj/Hex       #.....       98%         3    ####...
 Gell's Gravitas          Tloc           #.........   98%         3    ####...
 Ignite Poison            Fire/Tmut/Pois #.......     98%         3    ####...
 Inner Flame              Hex/Fire       #.......     98%         3    ####...
 Mephitic Cloud           Conj/Pois/Air  #.......     98%         3    ####...
 Portal Projectile        Hex/Tloc       #.....       98%         3    ####...
 Recall                   Summ/Tloc      N/A          98%         3    ####...
 Regeneration             Chrm/Necr      #.........   98%         3    ####...
 Spectral Weapon          Hex/Chrm       #.......     98%         3    ####...
 Spider Form              Tmut/Pois      #.........   98%         3    ####...
 Static Discharge         Conj/Air       #.......     98%         3    ####...
 Summon Guardian Golem    Hex/Summ       #.......     98%         3    ####...
 Tukima's Dance           Hex            #.......     98%         3    ####...
 Vampiric Draining        Necr           #.........   98%         3    ####...
 Airstrike                Air            #.........   100%        4    #####..
 Animate Dead             Necr           N/A          100%        4    #####..
 Cause Fear               Hex            #.........   100%        4    #####..
 Force Lance              Conj/Tloc      #.......     100%        4    #####..
 Fulminant Prism          Conj/Hex       #.........   100%        4    #####..
 Ice Form                 Ice/Tmut       #.......     100%        4    #####..
 Iskenderun's Mystic Bla  Conj           #.......     100%        4    #####..
 Leda's Liquefaction      Hex/Erth       #.........   100%        4    #####..
 Petrify                  Tmut/Erth      #.......     100%        4    #####..
 Sticky Flame             Conj/Fire      #.......     100%        4    #####..
 Summon Ice Beast         Ice/Summ       #.......     100%        4    #####..
 Summon Lightning Spire   Summ/Air       #.......     100%        4    #####..
 Agony                    Necr           #.......     100%        5    ######.
 Aura of Abjuration       Summ           #.........   100%        5    ######.
 Blade Hands              Tmut           #.........   100%        5    ######.
 Bolt of Draining         Conj/Necr      #.........   100%        5    ######.
 Bolt of Magma            Conj/Fire/Erth #.........   100%        5    ######.
 Borgnjor's Vile Clutch   Necr/Erth      #.........   100%        5    ######.
 Dispel Undead            Necr           #.......     100%        5    ######.
 Excruciating Wounds      Chrm/Necr      #.........   100%        5    ######.
 Fireball                 Conj/Fire      #.........   100%        5    ######.
 Irradiate                Conj/Tmut      #.........   100%        5    ######.
 Iskenderun's Battlesphe  Conj/Chrm      #.......     100%        5    ######.
 Lightning Bolt           Conj/Air       #.........   100%        5    ######.
 Metabolic Englaciation   Hex/Ice        #.........   100%        5    ######.
 Silence                  Hex/Air        #.........   100%        5    ######.
 Summon Demon             Summ           #.........   100%        5    ######.
 Summon Forest            Summ/Tloc      #.........   100%        5    ######.
 Summon Mana Viper        Hex/Summ       #.......     100%        5    ######.
 Yara's Violent Unravell  Hex/Tmut       #.........   100%        5    ######.
 Bolt of Fire             Conj/Fire      #.........   100%        6    #######
 Conjure Ball Lightning   Conj/Air       #.........   100%        6    #######
 Darkness                 Hex            #.........   100%        6    #######
 Death Channel            Necr           #.........   100%        6    #######
 Deflect Missiles         Chrm/Air       #.........   100%        6    #######
 Freezing Cloud           Conj/Ice/Air   #.........   100%        6    #######
 Hydra Form               Tmut           #.........   100%        6    #######
 Iron Shot                Conj/Erth      #.........   100%        6    #######
 Poison Arrow             Conj/Pois      #.........   100%        6    #######
 Shadow Creatures         Summ           N/A          100%        6    #######
 Simulacrum               Ice/Necr       #.........   100%        6    #######
 Statue Form              Tmut/Erth      #........    100%        6    #######
 Dragon Form              Tmut           #.........   100%        7    #######
 Ring of Flames           Chrm/Fire      #.........   100%        7    #######
 Summon Hydra             Summ           #.........   100%        7    #######
 Chain Lightning          Conj/Air       #.........   100%        8    #######
 Discord                  Hex            #.........   100%        8    #######
 Ignition                 Fire           #.........   100%        8    #######
 Infestation              Necr           #.........   100%        8    #######
 Lehudib's Crystal Spear  Conj/Erth      #.........   100%        8    #######
 Fire Storm               Conj/Fire      #.........   100%        9    #######
 Glaciate                 Conj/Ice       #.........   100%        9    #######
 Shatter                  Erth           #.........   100%        9    #######
 Tornado                  Air            #.........   100%        9    #######


Dungeon Overview and Level Annotations

Branches:
Dungeon (15/15)            Temple (1/1) D:7            Lair (6/6) D:8
  Swamp (4/4) Lair:2        Snake (4/4) Lair:2        Slime (5/5) Lair:5
    Orc (2/2) D:9             Elf (3/3) Orc:2        Vaults (5/5) D:13
  Crypt (3/3) Vaults:2       Tomb (0/3) Crypt:3      Depths (5/5) D:15
   Hell (visited)             Dis (0/7) Hell            Geh (0/7) Hell
    Coc (0/7) Hell            Tar (0/7) Hell            Zot (5/5) Depths:5
  IceCv (visited)         Gauntlet (visited)

Altars:
Ashenzari
Cheibriados
Dithmenos
Elyvilon
Fedhas
Gozag
Hepliaklqana
Kikubaaqudgha
Makhleb
Nemelex Xobeh
Okawaru
Qazlal
Ru
Sif Muna
Trog
Uskayaw
Vehumet
Wu Jian
Xom
Yredelemnul
Zin
The Shining One
Beogh
Jiyva

Shops:
D:10 %   Orc:2 :[(}   Elf:1 !   Elf:2 *   Snake:1 =}==   Vaults:4 :   Zot:4 *

Portals:
Hell: Depths:1 Depths:2 Depths:3 Depths:4 Depths:5
Abyss: Depths:1 Depths:3 Depths:4
Pandemonium: Depths:3 Depths:4
Ziggurat: Depths:5
Trove: Vaults:4 (give +2 shadow dragon scales)

Annotations:
Snake:3 1 runed translucent door, Icun's ghost, journeyman GnWr


Innate Abilities, Weirdness & Mutations

You reflexively headbutt those who attack you in melee.
You have a pair of horns on your head.
Scrolls take you a little longer to read.
Your mind is acute. (Int +2)
You are occasionally teleported next to monsters.
You are weak. (Str -2)
Your movements are slightly less encumbered by armour. (ER -2)


Message History

You block the hell hound's attack.
You barely miss the hell hound. Your headbutt misses the hell hound.
You block the hell hound's attack.
You carve the hell hound like a ham!!! You freeze the hell hound!!
You kill the hell hound!
The Shining One accepts your kill.
You see here a hell hound corpse.
There is a stone staircase leading up here.
You climb upwards.
An Orb Guardian comes into view.
There is a stone staircase leading down here.
You block the Orb Guardian's attack.
You carve the Orb Guardian like a ham!!!
You freeze the Orb Guardian!!
The Orb Guardian is almost dead.
The Orb Guardian hits you but does no damage.
You slash the Orb Guardian! You freeze the Orb Guardian.
You kill the Orb Guardian!
There is a staircase leading out of the dungeon here.
You have escaped!

##.## #...........##.# #.#
######..######.# #.# ##.#
#.# #.# #.# #.# #.#### #.#
####.######
#....#############..........
###..+...≈≈≈≈≈...'.#########
#.###..#####..####
#.##..♣♣P@P♣♣..#
###.###..♣♣.♣♣..##
#....#♣.........♣
#####....#♣.♣.≈≈≈.♣.♣
#........#♣..≈≈8≈≈..♣
#.###....#♣.♣.≈≈≈.♣.♣
#.###....#♣.........♣ #####
#[.#####.##..♣♣.♣♣..## #....
##.# #.#..♣♣P>P♣♣..# #.###


There were no monsters in sight!

Vanquished Creatures
  the Royal Jelly (Slime:5)
  Dissolution (Slime:1)
  Khufu (Crypt:1)
  4 orbs of fire
  Mennas (Crypt:1)
  6 ancient liches
  A juggernaut (Abyss:3)
  Boris (Depths:2)
  4 Killer Klowns
  Margery (Crypt:1)
  5 curse toes
  Geryon (Hell)
  4 caustic shrikes
  16 golden dragons
  5 bone dragons
  A profane servitor (D:14)
  3 electric golems
  2 Hell Sentinels
  An Ice Fiend (IceCv)
  17 Orb Guardians
  27 tentacled monstrosities
  Rupert (Lair:3)
  8 titans
  3 deep elf master archers (Elf:3)
  19 acid blobs
  An eldritch tentacle (Zot:5)
  7 quicksilver dragons
  3 liches
  13 death cobs
  4 sphinxes
  Murray (Depths:1)
  3 ancient champions
  The ghost of Viocziel the Brawler, an adept TrMo of Nemelex Xobeh (Depths:3)
  Gastronok (Lair:3)
  14 tentacled starspawn
  7 draconian monks
  14 shadow dragons
  6 tengu reavers
  2 thorn hunters (Swamp:4)
  10 azure jellies
  12 nagarajas
  A revenant (Crypt:2)
  22 storm dragons
  2 daevas
  7 fire giants
  4 draconian knights
  14 frost giants
  4 ghost moths
  2 cacodemons
  11 vault wardens
  5 balrugs
  An orc warlord (Orc:2)
  A ghost moth (shapeshifter) (Vaults:5)
  12 deep elf sorcerers
  Aizul (Snake:4)
  2 curse skulls
  3 draconian shifters
  5 draconian scorchers
  4 ghouls (Crypt:2)
  5 reapers
  3 spriggan defenders
  5 draconian stormcallers
  8 war gargoyles
  28 stone giants
  Louise (D:15)
  2 draconian annihilators (Zot:1)
  A caustic shrike skeleton (Crypt:2)
  4 deep elf elementalists
  12 ironheart preservers
  2 ophanim (Abyss:3)
  23 very ugly things
  7 red draconians
  10 black draconians
  7 vampire knights
  9 deep elf demonologists
  2 lorocyprocas
  3 entropy weavers
  9 yellow draconians
  10 spark wasps
  5 white draconians
  8 purple draconians
  A minotaur (Lair:4)
  7 green draconians
  9 deep elf annihilators
  14 ettins
  2 green deaths
  4 blizzard demons
  3 eidola
  Snorg (Lair:4)
  3 death oozes
  7 deep elf death magi
  7 jiangshi
  A crystal guardian (Crypt:3)
  8 ice dragons
  4 rakshasas
  5 deep elf high priests
  14 great orbs of eyes
  15 fire dragons
  22 yaktaur captains
  A hydra (shapeshifter) (Vaults:5)
  A kraken zombie (Hell)
  16 naga warriors
  25 vault guards
  3 ghost crabs
  Harold (D:10)
  21 centaur warriors
  3 shambling mangroves
  23 hydras
  An alligator (shapeshifter) (Vaults:5)
  5 spriggan air magi
  A satyr (Abyss:1)
  13 anacondas
  9 deep troll shamans
  19 alligators
  5 tengu warriors
  A two-headed ogre (shapeshifter) (Vaults:2)
  10 ogre magi
  A queen ant (D:11)
  35 two-headed ogres
  2 death knights
  33 dancing weapons
  9 hell hogs
  11 deep troll earth magi
  13 shock serpents
  10 naga sharpshooters
  7 death yaks
  16 hell knights
  14 thrashing horrors
  5 spriggan berserkers
  5 vampire magi
  A titan zombie (Hell)
  2 orc high priests
  10 sun demons
  17 spriggans
  14 wretched stars
  A storm dragon zombie (Hell)
  16 deep elf knights
  7 soul eaters
  6 shadow wraiths
  9 sixfirhies
  5 iron trolls
  2 salamander mystics
  35 skeletal warriors
  A ghost moth zombie (Crypt:2)
  2 cherubim (Abyss:3)
  An iron giant zombie (Crypt:2)
  A shadow demon (Depths:1)
  26 deep trolls
  4 spatial maelstroms
  3 sea snakes (Snake:4)
  3 flayed ghosts
  A spectral elf (Depths:5)
  A death drake (Gauntlet)
  5 unseen horrors
  2 spriggan druids
  11 deep elf archers
  3 golden dragon zombies
  A deep troll (shapeshifter) (Vaults:4)
  3 swamp dragons (Swamp:4)
  9 glowing orange brains
  8 naga ritualists
  4 wizards
  A torturous demonspawn (Depths:4)
  2 anaconda zombies (Crypt:3)
  11 harpies
  17 ironbrand convokers
  An obsidian statue (Vaults:2)
  A phantasmal warrior (Vaults:5)
  2 shadow dragon zombies
  A harpy (shapeshifter) (Vaults:2)
  14 necromancers
  An orb spider (Abyss:3)
  An anaconda skeleton (Crypt:3)
  A mana viper (shapeshifter) (Depths:4)
  2 iron dragon zombies
  44 deep elf magi
  8 salamanders
  6 shining eyes
  2 wolf spider zombies (D:15)
  56 ugly things
  9 mana vipers
  14 orc knights
  A shining eye (shapeshifter) (Depths:3)
  2 tengu skeletons
  An oklob plant (Swamp:3)
  5 wolf spiders
  A cyclops (shapeshifter) (Vaults:1)
  A faun (shapeshifter) (Abyss:3)
  8 worldbinders
  A shadow dragon skeleton (Crypt:3)
  3 fire giant zombies
  2 stone giant skeletons
  3 orc sorcerers
  7 cyclopes
  2 frost giant zombies
  2 iron dragon skeletons
  14 elephants
  A moth of wrath (shapeshifter) (D:13)
  21 moths of wrath
  A spectral centaur (Gauntlet)
  3 ice statues (IceCv)
  2 frost giant skeletons
  11 guardian serpents
  An eye of devastation (Slime:5)
  20 naga magi
  35 black mambas
  20 vault sentinels
  3 apocalypse crabs
  A torpor snail (Lair:4)
  10 smoke demons
  A gargoyle (D:13)
  A dire elephant skeleton (Crypt:3)
  A spiny frog (shapeshifter) (Vaults:3)
  24 spiny frogs
  A torpor snail (shapeshifter) (Vaults:4)
  4 orange demons
  4 rust devils
  5 spectral swamp worms
  A storm dragon simulacrum (Crypt:1)
  A catoblepas zombie (Hell)
  A rime drake (Lair:6)
  2 kobold demonologists
  A rime drake (shapeshifter) (Abyss:3)
  A yaktaur (shapeshifter) (Vaults:5)
  4 hellions
  4 hellwings (Abyss:3)
  2 anaconda simulacra (IceCv)
  15 ice devils
  6 komodo dragons
  3 hydra zombies (Hell)
  2 efreet
  8 freezing wraiths
  72 starcursed masses
  A tormentor (Abyss:3)
  A white draconian skeleton (Crypt:2)
  A yellow draconian skeleton (Crypt:2)
  9 trolls
  46 yaktaurs
  5 demonic crawlers
  10 red devils
  16 ancient zymes (Abyss:3)
  3 golden dragon simulacra (IceCv)
  Grinder (D:4)
  9 tyrant leeches
  A merfolk (D:10)
  3 tengu conjurers
  A silent spectre (Abyss:1)
  2 harpy skeletons
  A queen bee (shapeshifter) (Vaults:1)
  A wind drake (shapeshifter) (D:13)
  A wolf spider simulacrum (Abyss:3)
  17 hornets
  3 polar bears
  Prince Ribbit (Lair:3)
  18 raiju
  143 slime creatures
  A guardian serpent zombie (Crypt:1)
  A spectral meliai (Gauntlet)
  27 blink frogs
  14 bog bodies
  A raiju (shapeshifter) (Depths:2)
  4 ettin zombies
  An alligator zombie (Hell)
  A snapping turtle (shapeshifter) (Vaults:4)
  9 hippogriffs
  7 shadows
  9 ynoxinuls
  An ice dragon skeleton (Crypt:1)
  43 small abominations
  2 spriggans (shapeshifter)
  8 water elementals
  6 air elementals
  A dire elephant simulacrum (IceCv)
  An alligator skeleton (Hell)
  33 flying skulls
  38 yaks
  3 vampires
  11 fire elementals
  4 redbacks (Vaults:4)
  An ettin skeleton (Abyss:3)
  A tarantella (shapeshifter) (D:13)
  7 wyverns
  8 wraiths
  3 fire bats (Abyss:1)
  11 golden eyes
  A hog (shapeshifter) (Vaults:4)
  A black mamba skeleton (Crypt:1)
  5 hungry ghosts
  6 chaos spawn
  10 neqoxecs
  An elf skeleton (Depths:5)
  20 vampire mosquitoes
  Edmund (D:5)
  72 nagas
  3 iron troll simulacra (IceCv)
  13 wargs
  32 insubstantial wisps
  3 spatial vortices
  A swamp worm (shapeshifter) (Depths:2)
  18 swamp worms
  2 harpy simulacra
  4 acid dragons
  2 soldier ants (shapeshifter)
  24 soldier ants (D:12)
  31 water moccasins
  40 large abominations
  3 spiny frog zombies
  15 hell hounds
  5 porcupines
  A floating eye (shapeshifter) (Vaults:4)
  4 floating eyes
  15 swamp drakes
  5 sky beasts
  49 orc warriors
  5 phantoms
  6 black bears
  An ettin simulacrum (IceCv)
  2 elf zombies
  2 ice beasts (shapeshifter)
  4 eyes of draining
  A spiny frog skeleton (Hell)
  3 ice beasts
  A snapping turtle zombie (Hell)
  52 centaurs
  29 wolves
  7 boggarts
  A boggart (shapeshifter) (Depths:4)
  30 ogres
  2 necrophages
  A crocodile (shapeshifter) (Vaults:4)
  8 crocodiles
  4 big kobolds
  18 bullfrogs
  10 earth elementals
  A glowing shapeshifter simulacrum (Depths:2)
  2 wyvern zombies (D:12)
  A water moccasin zombie (D:5)
  2 scorpions
  A raiju zombie (Crypt:1)
  26 killer bees
  An elf simulacrum (Vaults:4)
  24 wights
  3 howler monkeys
  4 electric eels
  5 crimson imps
  2 bullfrog zombies
  6 quasits
  4 centaur zombies
  6 hounds
  33 orc wizards
  A hound (shapeshifter) (Vaults:5)
  10 jellies
  27 orc priests
  3 bullfrog skeletons
  5 centaur skeletons
  5 iron imps
  2 iguanas
  Ijyb (D:3)
  A black bear skeleton (Crypt:2)
  26 worker ants
  A naga zombie (Crypt:1)
  A naga skeleton (Crypt:1)
  3 hound skeletons
  2 mummies (Crypt:1)
  4 gnolls (D:3)
  29 adders
  A steam dragon skeleton (Crypt:1)
  5 shadow imps
  A swamp drake skeleton (Crypt:2)
  2 white imps (Abyss:3)
  6 ufetubi
  An adder zombie (D:5)
  An adder skeleton (D:5)
  3 worms
  5 dart slugs
  3 leopard geckos
  140 orcs
  10 bats
  5 giant cockroaches
  A gnoll zombie (Crypt:2)
  5 goblins
  6 hobgoblins
  13 jackals
  33 kobolds
  5 quokkas
  5 ball pythons
  4 frilled lizards
  A leopard gecko skeleton (D:5)
  5 rats
  A bush (Abyss:4)
  2 crawling corpses
  A fungus (Lair:5)
  A lurking horror (Abyss:1)
  2 plants
  4 starspawn tentacles
  3 tentacles (Hell)
3340 creatures vanquished.

Vanquished Creatures (collateral kills)
  An orb of fire (Zot:5)
  3 ancient liches
  Sojobo (Vaults:5)
  A Killer Klown (Zot:5)
  Boris (Vaults:3)
  Vashnia (Snake:3)
  A bone dragon (Abyss:3)
  2 electric golems
  8 Orb Guardians (Zot:5)
  2 liches (Crypt:3)
  2 titans (Vaults:5)
  3 acid blobs (Slime:5)
  A sphinx (Vaults:5)
  2 tengu reavers (Vaults:5)
  A revenant (Crypt:2)
  A nagaraja (Snake:4)
  2 fire giants
  2 vault wardens
  2 deep elf sorcerers
  An angel (Abyss:3)
  A curse skull (Crypt:2)
  A draconian shifter (Zot:1)
  An ironheart preserver (Vaults:3)
  2 ghouls
  A stone giant (Vaults:5)
  A war gargoyle (Crypt:3)
  A vampire knight (Crypt:3)
  A juggernaut skeleton (Crypt:1)
  The ghost of Fifowuza the Grappler, a journeyman DrTm of Wu Jian (Lair:4)
  A minotaur (Gauntlet)
  A deep elf demonologist (Vaults:5)
  A deep elf annihilator (Vaults:5)
  2 eidola (Crypt:2)
  2 crystal guardians (Crypt:3)
  3 deep elf death magi
  2 death oozes
  A great orb of eyes (Slime:5)
  2 naga warriors (Snake:4)
  6 dancing weapons
  4 naga sharpshooters
  A storm dragon zombie (Crypt:3)
  A shadow wraith (Vaults:5)
  A deep elf knight (Elf:3)
  8 skeletal warriors
  4 hell knights
  2 orange crystal statues
  A ghost moth zombie (Crypt:2)
  2 large abominations
  3 deep elf archers
  An ironbrand convoker (Vaults:5)
  2 necromancers (Crypt:3)
  2 phantasmal warriors
  A wolf spider zombie (Abyss:3)
  A mana viper (Snake:4)
  7 deep elf magi
  An orc sorcerer (Orc:2)
  A salamander (Depths:3)
  2 black mambas
  A rust devil (Zot:5)
  A guardian serpent (Snake:4)
  A naga mage (Snake:4)
  A red draconian zombie (Crypt:2)
  A yaktaur (Vaults:5)
  A freezing wraith (Crypt:1)
  An ettin zombie (Crypt:3)
  3 slime creatures
  4 flying skulls (Crypt:3)
  2 water elementals
  2 nagas (Snake:3)
  A gelid demonspawn skeleton (Crypt:2)
  10 orc warriors
  4 necrophages
  An ogre (Orc:1)
  A bullfrog (Lair:4)
  A human zombie (Crypt:2)
  An orc priest (Orc:2)
  A mummy (Crypt:1)
  A halfling zombie (Crypt:2)
  6 orcs
159 creatures vanquished.

Vanquished Creatures (others)
  A purple draconian (Zot:4)
  A naga warrior (Snake:4)
  A deep elf knight (Elf:1)
  A spriggan druid (Swamp:4)
  3 large abominations
  A starcursed mass (Abyss:2)
  A salamander (Snake:4)
  A water elemental (Elf:1)
  A golden eye (Slime:5)
  A swamp worm (Swamp:3)
  A naga (Snake:4)
  An insubstantial wisp (Swamp:4)
  A swamp drake (Swamp:4)
  An orc (Orc:2)
  18 demonic plants (Gauntlet)
  14 fungi
  A lurking horror (Abyss:2)
  27 plants
  33 starspawn tentacles
  4 tentacles (Hell)
113 creatures vanquished.

Grand Total: 3612 creatures vanquished

Notes
Turn   | Place    | Note
-------+----------+-------------------------------------------
     0 | D:1      | Kagalorn the Minotaur Fighter began the quest for the Orb.
     0 | D:1      | Reached XP level 1. HP: 19/19 MP: 0/0
   139 | D:1      | Reached XP level 2. HP: 25/26 MP: 1/1
   653 | D:2      | Noticed a crimson imp
   661 | D:2      | Killed a crimson imp
   661 | D:2      | Reached skill level 5 in Axes
   661 | D:2      | Reached XP level 3. HP: 28/31 MP: 2/2
   768 | D:1      | Reached XP level 4. HP: 38/39 MP: 3/3
  1299 | D:3      | Reached XP level 5. HP: 45/46 MP: 4/4
  1693 | D:3      | Reached XP level 6. HP: 27/52 MP: 5/5
  1821 | D:4      | Noticed Grinder
  1821 | D:4      | Noticed Ijyb
  1848 | D:3      | Killed Ijyb
  1898 | D:4      | Paralysed by Grinder for 5 turns
  1909 | D:4      | Killed Grinder
  1909 | D:4      | Reached XP level 7. HP: 50/60 MP: 6/6
  3055 | D:4      | Reached skill level 5 in Fighting
  3282 | D:5      | Entered Level 5 of the Dungeon
  3382 | D:5      | Reached skill level 5 in Armour
  3556 | D:5      | Reached skill level 10 in Axes
  3556 | D:5      | Reached XP level 8. HP: 53/68 MP: 7/7
  3770 | D:5      | Noticed Edmund
  3783 | D:5      | Killed Edmund
  4041 | D:5      | Found a shimmering blue altar of Sif Muna.
  4588 | D:6      | Reached XP level 9. HP: 61/74 MP: 8/8
  5278 | D:7      | Found a staircase to the Ecumenical Temple.
  5281 | Temple   | Entered the Ecumenical Temple
  5399 | D:7      | Found a glowing golden altar of the Shining One.
  5404 | D:7      | Became a worshipper of the Shining One
  5472 | D:7      | Reached skill level 1 in Dodging
  6289 | D:8      | Reached skill level 1 in Invocations
  6562 | D:8      | Found a staircase to the Lair.
  6956 | D:9      | Reached XP level 10. HP: 81/83 MP: 10/10
  7107 | D:9      | Reached * piety under the Shining One
  7744 | D:9      | Reached ** piety under the Shining One
  8409 | D:9      | Found a roughly hewn altar of Beogh.
  8410 | D:9      | Found a staircase to the Orcish Mines.
  8515 | D:9      | Reached skill level 5 in Dodging
  8554 | D:10     | Entered Level 10 of the Dungeon
  8735 | D:10     | Found Vauhi's Food Emporium.
  8790 | D:10     | Noticed a two-headed ogre
  8803 | D:10     | Killed a two-headed ogre
  8803 | D:10     | Reached skill level 15 in Axes
  8803 | D:10     | Reached XP level 11. HP: 94/94 MP: 11/13
  9222 | D:10     | Noticed Harold
  9232 | D:10     | Killed Harold
  9397 | Lair:1   | Entered Level 1 of the Lair of Beasts
  9841 | Lair:1   | Noticed Sonja
  9847 | Lair:1   | Noticed Sonja
  9847 | Lair:1   | Sonja changed into Sonja the harpy
  9849 | Lair:1   | Killed Sonja the harpy
  9849 | Lair:1   | Reached skill level 5 in Invocations
 10733 | Lair:2   | Reached *** piety under the Shining One
 10768 | Lair:2   | Found a staircase to the Swamp.
 11140 | Lair:2   | Noticed a six-headed hydra
 11149 | Lair:2   | Killed a six-headed hydra
 11710 | Lair:2   | Found a staircase to the Snake Pit.
 11800 | Lair:2   | Reached XP level 12. HP: 104/104 MP: 14/14
 11939 | Lair:2   | Got a translucent trident
 12235 | Lair:3   | Identified 3 scrolls of acquirement
 12238 | Lair:3   | Got a clouded glass ring
 12240 | Lair:3   | Identified the ring "Hiudao" {AC+3 Str+4 SInv} (You
                  | acquired it on level 3 of the Lair of Beasts)
 12248 | Lair:3   | Got a pair of steaming gloves
 12259 | Lair:3   | Identified the +2 pair of gloves of the Country {Dex+4}
                  | (You acquired it on level 3 of the Lair of Beasts)
 12265 | Lair:3   | Got a twisted hat
 12276 | Lair:3   | Identified the +0 hat of Kimurent {rElec rC- rN++} (You
                  | acquired it on level 3 of the Lair of Beasts)
 12328 | Lair:3   | Noticed a death yak
 12328 | Lair:3   | Noticed a death yak
 12328 | Lair:3   | Noticed a death yak
 12329 | Lair:3   | Noticed a death yak
 12345 | Lair:3   | Noticed a death yak
 12348 | Lair:2   | Killed a death yak
 12446 | Lair:2   | Killed a death yak
 12447 | Lair:2   | Killed a death yak
 12542 | Lair:3   | Killed a death yak
 12546 | Lair:3   | Killed a death yak
 12729 | Lair:3   | Reached skill level 10 in Fighting
 12732 | Lair:3   | Noticed Gastronok
 12764 | Lair:3   | Noticed Prince Ribbit
 12768 | Lair:3   | Killed Gastronok
 12768 | Lair:3   | Reached skill level 10 in Armour
 12998 | Lair:3   | Killed Prince Ribbit
 13200 | Lair:3   | Found a shimmering altar of Xom.
 13512 | Lair:3   | Noticed Rupert
 13512 | Lair:3   | Paralysed by Rupert for 5 turns
 13524 | Lair:3   | Killed Rupert
 14070 | Lair:4   | Found a runed translucent gate.
 14070 | Lair:4   | Found a runed translucent gate.
 14075 | Lair:4   | Found a runed translucent gate.
 14165 | Lair:4   | Noticed a death yak
 14178 | Lair:4   | Noticed a death yak
 14191 | Lair:3   | Killed a death yak
 14191 | Lair:3   | Reached XP level 13. HP: 107/113 MP: 15/15
 14271 | Lair:4   | Noticed Snorg
 14459 | Lair:4   | Noticed Fifowuza's ghost (journeyman DrTm)
 14459 | Lair:4   | Noticed a minotaur
 14547 | Lair:4   | Killed Snorg
 14782 | Lair:4   | Reached **** piety under the Shining One
 15263 | Lair:5   | Found a staircase to the Slime Pits.
 15362 | Lair:5   | Identified the +11 trident "Backscratcher" {pierce, +Fly
                  | rF+ rN+} (You found it on level 2 of the Lair of Beasts)
 16164 | Lair:6   | Entered Level 6 of the Lair of Beasts
 16641 | Lair:6   | Reached skill level 5 in Shields
 16837 | Lair:6   | Reached XP level 14. HP: 124/126 MP: 17/17
 18273 | D:11     | Reached ***** piety under the Shining One
 18946 | D:12     | Noticed an entropy weaver
 19392 | D:12     | Noticed an entropy weaver
 19426 | D:12     | Killed an entropy weaver
 19869 | Orc:1    | Entered Level 1 of the Orcish Mines
 19983 | Orc:2    | Entered Level 2 of the Orcish Mines
 20196 | Orc:2    | Found a roughly hewn altar of Beogh.
 20375 | Orc:2    | Noticed an orc warlord
 20392 | Orc:2    | Killed an orc warlord
 20412 | Orc:2    | Paralysed by an orc sorcerer for 4 turns
 20450 | Orc:2    | Reached XP level 15. HP: 135/135 MP: 20/20
 20462 | Orc:2    | Found Rad Ceri's Antique Armour Boutique.
 20465 | Orc:2    | Found a roughly hewn altar of Beogh.
 20468 | Orc:2    | Found Atipeib's Antique Weapon Shop.
 20551 | Orc:2    | Found a roughly hewn altar of Beogh.
 20560 | Orc:2    | Found Miabal's Book Boutique.
 20658 | Orc:2    | Found a staircase to the Elven Halls.
 20772 | Orc:2    | Found a roughly hewn altar of Beogh.
 20773 | Orc:2    | Found Qoitonot's Gadget Shop.
 20845 | Orc:1    | Reached skill level 10 in Shields
 20855 | Orc:1    | Reached ****** piety under the Shining One
 21005 | Orc:2    | Bought a runed cloak for 277 gold pieces
 21092 | Orc:1    | Reached skill level 10 in Dodging
 21707 | D:13     | Found a roughly hewn altar of Beogh.
 21805 | D:13     | Found a gate to the Vaults.
 22255 | D:14     | Found a gate leading to a gauntlet.
 22264 | Gauntlet | Entered a Gauntlet
 22264 | Gauntlet | Found a transporter.
 22264 | Gauntlet | Found a transporter.
 22273 | Gauntlet | Found a transporter.
 22287 | Gauntlet | Found a transporter.
 22302 | Gauntlet | Found a transporter.
 22312 | Gauntlet | Found a transporter.
 22327 | Gauntlet | Found a transporter.
 22329 | Gauntlet | Found a large runed translucent door.
 22330 | Gauntlet | Found a large runed translucent door.
 22331 | Gauntlet | Found a large runed translucent door.
 22331 | Gauntlet | Found a large runed translucent door.
 22332 | Gauntlet | Found a runed translucent gate.
 22333 | Gauntlet | Found a transporter.
 22333 | Gauntlet | Found a runed translucent gate.
 22334 | Gauntlet | Found a runed translucent gate.
 22335 | Gauntlet | Found a large runed translucent door.
 22335 | Gauntlet | Found a large runed translucent door.
 22336 | Gauntlet | Found a large runed translucent door.
 22337 | Gauntlet | Found a large runed translucent door.
 22347 | Gauntlet | Found a transporter.
 22365 | Gauntlet | Found a transporter.
 22368 | Gauntlet | Found a transporter.
 22404 | Gauntlet | Found a large runed translucent door.
 22405 | Gauntlet | Found a large runed translucent door.
 22406 | Gauntlet | Found a large runed translucent door.
 22406 | Gauntlet | Found a large runed translucent door.
 22406 | Gauntlet | Found a runed translucent door.
 22407 | Gauntlet | Found a transporter.
 22408 | Gauntlet | Found a runed translucent door.
 22409 | Gauntlet | Found a large runed translucent door.
 22409 | Gauntlet | Found a large runed translucent door.
 22410 | Gauntlet | Found a large runed translucent door.
 22411 | Gauntlet | Found a large runed translucent door.
 22632 | Gauntlet | Got an encrusted cloak
 22643 | Gauntlet | Identified the cursed +0 cloak "Askuo" {Int+5} (You found
                  | it in a Gauntlet)
 23783 | D:15     | Entered Level 15 of the Dungeon
 24048 | D:15     | Reached skill level 10 in Invocations
 24461 | D:15     | Noticed Louise
 24476 | D:15     | Killed Louise
 24783 | D:15     | Found a staircase to the Depths.
 25354 | Lair:4   | Reached XP level 16. HP: 143/143 MP: 10/22
 25362 | Lair:4   | Killed Fifowuza's ghost
 25470 | Swamp:1  | Entered Level 1 of the Swamp
 25528 | Swamp:1  | Reached skill level 15 in Shields
 25640 | Swamp:1  | Reached skill level 1 in Evocations
 27737 | Swamp:3  | Identified the -5 pair of boots of Responsibility {Slay+3}
                  | (You found it on level 3 of the Swamp)
 28009 | Swamp:4  | Entered Level 4 of the Swamp
 29071 | Swamp:4  | Noticed a thorn hunter
 29090 | Swamp:4  | Killed a thorn hunter
 29090 | Swamp:4  | Reached XP level 17. HP: 148/152 MP: 24/24
 29545 | Swamp:4  | Got a decaying rune of Zot
 29987 | Snake:1  | Entered Level 1 of the Snake Pit
 30078 | Snake:1  | Found Ducziblew's Jewellery Shop.
 30217 | Snake:1  | Reached skill level 15 in Armour
 30382 | Snake:1  | Found Gyvass's Jewellery Shop.
 30384 | Snake:1  | Found Fodeaq's Gadget Shoppe.
 30385 | Snake:1  | Found Qenahav's Jewellery Shop.
 30407 | Snake:1  | Bought an uncursed ring of poison resistance for 360 gold
                  | pieces
 30558 | Snake:1  | Reached skill level 5 in Evocations
 31932 | Snake:3  | Noticed Vashnia
 31960 | Snake:3  | Killed Vashnia
 32256 | Snake:3  | Reached XP level 18. HP: 154/160 MP: 26/26
 32565 | Snake:3  | Found a runed translucent door.
 32565 | Snake:3  | Found a shimmering altar of Xom.
 32565 | Snake:3  | Noticed Icun's ghost (journeyman GnWr)
 32565 | Snake:3  | Identified the +4 quarterstaff of the Invisible Planets
                  | {chaos, Int+4}
 33420 | Snake:4  | Entered Level 4 of the Snake Pit
 33565 | Snake:4  | Noticed Aizul
 33586 | Snake:4  | Killed Aizul
 35318 | Snake:4  | Got a serpentine rune of Zot
 35966 | Vaults:1 | Entered Level 1 of the Vaults
 36112 | Vaults:1 | Reached XP level 19. HP: 169/169 MP: 28/28
 36301 | D:13     | Reached skill level 15 in Fighting
 38180 | Vaults:2 | Found a staircase to the Crypt.
 39473 | Vaults:3 | Noticed Boris
 39490 | Vaults:3 | Killed Boris
 40231 | Vaults:3 | Reached XP level 20. HP: 175/182 MP: 29/29
 42211 | Vaults:4 | Found Wexevaeg's Book Shoppe.
 42779 | Vaults:4 | Found a portal to a secret trove of treasure.
 43339 | Elf:1    | Entered Level 1 of the Elven Halls
 43356 | Elf:1    | You fall into a shaft and drop 1 floor!
 43398 | Elf:2    | Got a polished trident
 43401 | Elf:2    | Identified the cursed +3 trident of Contention {pierce,
                  | rPois Int-5 Dex+3} (You found it on level 2 of the Elven
                  | Halls)
 43511 | Elf:2    | Identified the +0 large shield "Hufiy" {+Inv Str+4 Int-2}
 43618 | Elf:2    | Found Ruyliq's Assorted Antiques.
 43747 | Elf:1    | Reached XP level 21. HP: 191/193 MP: 30/30
 43948 | Elf:1    | Gained mutation: Your spells are a little easier to cast,
                  | but a little less powerful. [a neqoxec]
 43949 | Elf:1    | Gained mutation: You are weak. (Str -2) [a neqoxec]
 44151 | Elf:1    | Identified the +5 hand axe "Sidd" {drain, rF+ Str+2 Int+3}
                  | (You found it on level 1 of the Elven Halls)
 44323 | Elf:1    | Identified the Incunabulum of the Desert
 44387 | Elf:1    | Found Diempoc's Distillery.
 44396 | Elf:1    | Bought a potion of cancellation for 80 gold pieces
 44396 | Elf:1    | Bought a potion of haste for 100 gold pieces
 44396 | Elf:1    | Bought a potion of heal wounds for 50 gold pieces
 44396 | Elf:1    | Bought a potion of curing for 30 gold pieces
 44843 | Elf:2    | Found a huge runed translucent gate.
 44843 | Elf:2    | Found a huge runed translucent gate.
 44843 | Elf:2    | Found a huge runed translucent gate.
 44849 | Elf:2    | Found a huge runed translucent gate.
 44852 | Elf:2    | Found a huge runed translucent gate.
 45704 | Elf:3    | Entered Level 3 of the Elven Halls
 45751 | Elf:3    | Found a frozen archway.
 45760 | IceCv    | Entered an ice cave
 45988 | IceCv    | Identified the +13 plate armour "Deumneg" {rC+ Int+6} (You
                  | found it in an ice cave)
 46676 | Elf:3    | Found a radiant altar of Vehumet.
 46956 | Elf:3    | Cast into level 3 of the Abyss (a deep elf sorcerer)
 46967 | Abyss:3  | Gained mutation: Your magical capacity is low. (-10% MP) [a
                  | neqoxec]
 46974 | Abyss:3  | Gained mutation: Scrolls take you a little longer to read.
                  | [a neqoxec]
 47071 | Abyss:3  | Found a transporter.
 47156 | Elf:3    | Escaped the Abyss
 47285 | Elf:3    | Cast into level 2 of the Abyss (a deep elf demonologist)
 47346 | Elf:3    | Escaped the Abyss
 47643 | Elf:3    | Identified the Grimoire of Torrid Changing
 48257 | Crypt:1  | Entered Level 1 of the Crypt
 48268 | Crypt:1  | Reached XP level 22. HP: 205/205 MP: 28/28
 48717 | Crypt:1  | Noticed Margery
 48728 | Crypt:1  | Killed Margery
 49003 | Crypt:1  | Noticed Mennas
 49029 | Crypt:1  | Killed Mennas
 49068 | Crypt:1  | Noticed Khufu
 49090 | Crypt:1  | Killed Khufu
 49625 | Crypt:2  | Found an ancient bone altar of Kikubaaqudgha.
 50027 | Crypt:3  | Entered Level 3 of the Crypt
 50549 | Crypt:3  | Found a basalt altar of Yredelemnul.
 50550 | Crypt:3  | Noticed an ancient lich
 50556 | Crypt:3  | Killed an ancient lich
 50556 | Crypt:3  | Reached XP level 23. HP: 214/214 MP: 29/29
 50729 | Crypt:3  | Found a staircase to the Tomb.
 50751 | Crypt:3  | Identified Khufu's Reference Book on Dark Arts
 50887 | Crypt:3  | Got a fine garnet amulet
 50896 | Crypt:3  | Identified the amulet "Nyliupp" {Faith +Inv} (You found it
                  | on level 3 of the Crypt)
 51375 | Vaults:5 | Entered Level 5 of the Vaults
 51921 | Vaults:5 | Got a bound ivory ring
 51924 | Vaults:5 | Identified the ring "Keat" {rF+ rC+ rCorr} (You found it on
                  | level 5 of the Vaults)
 52021 | Vaults:5 | Noticed an ancient lich
 52033 | Vaults:5 | Killed an ancient lich
 52246 | Vaults:5 | Reached skill level 15 in Invocations
 52252 | Vaults:5 | Identified the ring "Puos" {Fire *Corrode rN++}
 52318 | Vaults:5 | Noticed Sojobo
 52336 | Vaults:5 | Killed Sojobo
 52950 | Vaults:5 | Found the +5 scythe "Finisher" {speed, eviscerate}
 53088 | Vaults:5 | Reached XP level 24. HP: 228/228 MP: 30/30
 53263 | Vaults:5 | Identified the +3 bardiche of an ossuary {antimagic, Str+4
                  | Int+3}
 53438 | Vaults:5 | Got a silver rune of Zot
 54686 | Depths:1 | Entered Level 1 of the Depths
 55433 | Depths:1 | Identified the ring "Liavogis" {Fire +Blink +Inv Str+4}
                  | (You acquired it on level 1 of the Depths)
 55617 | Depths:1 | Paralysed by a floating eye for 2 turns
 55623 | Depths:1 | Paralysed by a floating eye for 3 turns
 55737 | Depths:1 | Found a gateway to Hell.
 55742 | Hell     | Entered the Vestibule of Hell
 55742 | Hell     | Noticed Geryon
 55805 | Depths:1 | Found a one-way gate to the infinite horrors of the Abyss.
 56860 | Depths:2 | Reached skill level 15 in Dodging
 57226 | Depths:2 | Reached XP level 25. HP: 239/242 MP: 30/30
 57390 | Depths:2 | Noticed Boris
 57437 | Depths:2 | Killed Boris
 57714 | Depths:3 | Noticed Viocziel's ghost (adept TrMo)
 57722 | Depths:3 | Found a runed translucent gate.
 57722 | Depths:3 | Found a runed translucent gate.
 57722 | Depths:3 | Found a runed translucent gate.
 57787 | Depths:3 | Killed Viocziel's ghost
 57827 | Depths:3 | Identified the ring of Henotheism {*Corrode +Blink EV+6
                  | Dex+2 Slay+5} (You found it on level 3 of the Depths)
 57978 | Depths:3 | Found a one-way gate leading to the halls of Pandemonium.
 58171 | Depths:3 | Identified Sif Muna's Catalogue of Floating Fire
 58182 | Depths:3 | Identified the Volume of Excruciating Hexes
 58544 | Depths:3 | Gained mutation: Scrolls take you longer to read. [a
                  | shining eye]
 58618 | Depths:3 | Found a shattered altar of Ashenzari.
 60113 | Depths:5 | Entered Level 5 of the Depths
 60120 | Depths:5 | Paralysed by a floating eye for 2 turns
 60136 | Depths:5 | Paralysed by a vampire knight for 6 turns
 60253 | Depths:5 | Found a gateway to a ziggurat.
 60403 | Depths:5 | Paralysed by a vampire knight for 4 turns
 60451 | Depths:5 | Noticed an ancient lich
 60480 | Depths:5 | Killed an ancient lich
 60480 | Depths:5 | Reached XP level 26. HP: 255/255 MP: 31/31
 60545 | Depths:5 | Identified Sif Muna's Handbook of Necromancy
 60637 | Depths:5 | Found a gate to the Realm of Zot.
 61136 | Depths:5 | Paralysed by a vampire knight for 2 turns
 61485 | Hell     | Noticed Murray
 61610 | Depths:4 | Voluntarily entered the Abyss.
 61616 | Abyss:1  | Found an ancient bone altar of Kikubaaqudgha.
 61707 | Abyss:1  | Found a corrupted altar of Lugonu.
 61839 | Abyss:2  | Found a corrupted altar of Lugonu.
 62227 | Abyss:2  | Found a corrupted altar of Lugonu.
 62327 | Abyss:3  | Found a corrupted altar of Lugonu.
 62570 | Abyss:4  | Found a corrupted altar of Lugonu.
 62597 | Depths:4 | Escaped the Abyss
 62601 | Depths:4 | Voluntarily entered the Abyss.
 62961 | Abyss:1  | Identified the +3 plate armour of Paranoia {rC- Str+2 SInv}
                  | (You found it on level 1 of the Abyss)
 63177 | Abyss:2  | Found a corrupted altar of Lugonu.
 63407 | Abyss:3  | Paralysed by accursed screaming for 1 turns
 63743 | Abyss:3  | Reached XP level 27. HP: 259/263 MP: 32/32
 63967 | Abyss:3  | Gained mutation: Your spells are easier to cast, but less
                  | powerful. [a neqoxec]
 64247 | Abyss:3  | Paralysed by accursed screaming for 1 turns
 64251 | Abyss:3  | Paralysed by accursed screaming for 1 turns
 64339 | Abyss:3  | Paralysed by accursed screaming for 1 turns
 64344 | Abyss:3  | Paralysed by accursed screaming for 1 turns
 64689 | Abyss:3  | Found a corrupted altar of Lugonu.
 65415 | Abyss:3  | Found a glowing golden altar of the Shining One.
 65477 | Abyss:3  | Noticed a juggernaut
 65485 | Abyss:3  | Killed a juggernaut
 65491 | Abyss:3  | Got an abyssal rune of Zot
 65565 | Abyss:4  | Found a corrupted altar of Lugonu.
 65584 | Depths:4 | Escaped the Abyss
 65939 | Slime:1  | Entered Level 1 of the Pits of Slime
 66016 | Slime:2  | Noticed Dissolution
 66047 | Slime:1  | Killed Dissolution
 66220 | Slime:5  | Entered Level 5 of the Pits of Slime
 66292 | Slime:5  | Gained mutation: You tend to lose your temper in combat. [a
                  | shining eye]
 66479 | Slime:5  | Reached skill level 27 in Fighting
 67017 | Slime:5  | Found a viscous altar of Jiyva.
 67018 | Slime:5  | Noticed the Royal Jelly
 67041 | Slime:5  | Killed the Royal Jelly
 67070 | Slime:5  | Paralysed by a great orb of eyes for 4 turns
 67126 | Slime:5  | Got a slimy rune of Zot
 67157 | Slime:5  | Found the +0 mask of the Dragon {MR+ Slay+3 SInv}
 67167 | Slime:5  | Identified Ifeh's Collected Works on Curses and Changing
 67174 | Slime:5  | Identified the +10 broad axe "Murmur" {freeze, rPois Int+4}
                  | (You found it on level 5 of the Pits of Slime)
 67189 | Slime:5  | Identified the amulet of Yredelemnul's Delight {rF- rN++
                  | Regen+ Dex+4} (You found it on level 5 of the Pits of
                  | Slime)
 67219 | Slime:5  | Identified the ring "Jaggog" {Str+4 Dex+4 Slay+3} (You
                  | found it on level 5 of the Pits of Slime)
 67240 | Slime:5  | Identified the cursed +3 war axe "Bideix" {chop, MR+} (You
                  | found it on level 5 of the Pits of Slime)
 67415 | Slime:5  | Lost mutation: Your spells are easier to cast, but less
                  | powerful. [potion of mutation]
 67415 | Slime:5  | Lost mutation: Your magical capacity is low. (-10% MP)
                  | [potion of mutation]
 67415 | Slime:5  | Gained mutation: You are very weak. (Str -4) [potion of
                  | mutation]
 67415 | Slime:5  | Lost mutation: You tend to lose your temper in combat.
                  | [potion of mutation]
 67415 | Slime:5  | Gained mutation: You passively map a small area around you.
                  | [potion of mutation]
 68484 | Slime:2  | Paralysed by a floating eye for 3 turns
 69748 | Elf:1    | Bought a potion of agility for 40 gold pieces
 69748 | Elf:1    | Bought a potion of resistance for 100 gold pieces
 69748 | Elf:1    | Bought a potion of might for 40 gold pieces
 69748 | Elf:1    | Bought a potion of mutation for 80 gold pieces
 70035 | Depths:1 | Killed Murray
 70039 | Depths:1 | Identified a +4 sacred scourge of holy wrath (a +2 demon
                  | whip blessed by the Shining One)
 70039 | Depths:1 | Received a gift from the Shining One
 70236 | Hell     | Found a gateway to the Iron City of Dis.
 70289 | Hell     | Killed Geryon
 70289 | Hell     | Reached skill level 10 in Evocations
 70321 | Hell     | Found a gateway to the freezing wastes of Cocytus.
 70456 | Hell     | Found a gateway to the decaying netherworld of Tartarus.
 70557 | Hell     | Found a gateway to the ashen valley of Gehenna.
 70866 | Zot:1    | Entered Level 1 of the Realm of Zot
 72007 | Zot:1    | Got a heavily runed jade ring
 72010 | Zot:1    | Identified the ring "Haet" {+Blink rC- Str+4 Dex+5 Slay+3}
                  | (You found it on level 1 of the Realm of Zot)
 72349 | Zot:2    | You fall into a shaft and drop 1 floor!
 73605 | Zot:4    | Noticed an orb of fire
 73618 | Zot:4    | Killed an orb of fire
 74755 | Zot:4    | Found Caugg's Changing Room.
 74769 | Zot:4    | Bought 2 potions of mutation for 448 gold pieces
 74863 | Zot:4    | Identified the cursed +0 scale mail of Ximn {rElec rF+++
                  | MR-} (You found it on level 4 of the Realm of Zot)
 75054 | Zot:5    | Entered Level 5 of the Realm of Zot
 75504 | Zot:5    | Reached skill level 27 in Armour
 75546 | Zot:5    | Noticed an orb of fire
 75548 | Zot:5    | Gained mutation: You are dopey. (Int -2) [an orb of fire]
 75550 | Zot:5    | Noticed an orb of fire
 75551 | Zot:5    | Noticed an ancient lich
 75561 | Zot:5    | Killed an orb of fire
 75561 | Zot:5    | Gained mutation: Armour fits poorly on your strangely
                  | shaped body. [an orb of fire]
 75566 | Zot:5    | Killed an ancient lich
 75569 | Zot:5    | Gained mutation: You are frail. (-10% HP) [an orb of fire]
 75576 | Zot:5    | Killed an orb of fire
 75590 | Zot:5    | Lost mutation: Scrolls take you longer to read. [potion of
                  | mutation]
 75590 | Zot:5    | Lost mutation: You are frail. (-10% HP) [potion of
                  | mutation]
 75590 | Zot:5    | Lost mutation: You are dopey. (Int -2) [potion of mutation]
 75590 | Zot:5    | Lost mutation: You passively map a small area around you.
                  | [potion of mutation]
 75590 | Zot:5    | Lost mutation: Scrolls take you a little longer to read.
                  | [potion of mutation]
 75590 | Zot:5    | Gained mutation: You have supernaturally acute eyesight.
                  | (SInv) [potion of mutation]
 75742 | Zot:5    | Noticed an ancient lich
 75750 | Zot:5    | Killed an ancient lich
 75850 | Zot:5    | Noticed an ancient lich
 75862 | Zot:5    | Killed an ancient lich
 75914 | Zot:5    | Noticed an orb of fire
 75929 | Zot:5    | Gained mutation: You are frail. (-10% HP) [an orb of fire]
 75936 | Zot:5    | Gained mutation: You tend to lose your temper in combat.
                  | [an orb of fire]
 75943 | Zot:5    | Gained mutation: You are occasionally teleported next to
                  | monsters. [an orb of fire]
 75947 | Zot:5    | Killed an orb of fire
 75969 | Zot:5    | Lost mutation: You have supernaturally acute eyesight.
                  | (SInv) [potion of mutation]
 75969 | Zot:5    | Gained mutation: You are agile. (Dex +2) [potion of
                  | mutation]
 75969 | Zot:5    | Lost mutation: Armour fits poorly on your strangely shaped
                  | body. [potion of mutation]
 75969 | Zot:5    | Lost mutation: You are frail. (-10% HP) [potion of
                  | mutation]
 75970 | Zot:5    | Lost mutation: You are agile. (Dex +2) [potion of mutation]
 75970 | Zot:5    | Lost mutation: Your spells are a little easier to cast, but
                  | a little less powerful. [potion of mutation]
 75970 | Zot:5    | Lost mutation: You tend to lose your temper in combat.
                  | [potion of mutation]
 75970 | Zot:5    | Lost mutation: You are very weak. (Str -4) [potion of
                  | mutation]
 75970 | Zot:5    | Gained mutation: Your mind is acute. (Int +2) [potion of
                  | mutation]
 75970 | Zot:5    | Gained mutation: Your movements are slightly less
                  | encumbered by armour. (ER -2) [potion of mutation]
 76229 | Zot:5    | Noticed an ancient lich
 76237 | Zot:5    | Killed an ancient lich
 76238 | Zot:5    | Noticed an ancient lich
 76244 | Zot:5    | Killed an ancient lich
 76290 | Zot:5    | Got the Orb of Zot
 76290 | Zot:5    | Noticed an orb of fire
 76295 | Zot:5    | Noticed an ancient lich
 76297 | Zot:5    | Gained mutation: Scrolls take you a little longer to read.
                  | [an orb of fire]
 76298 | Zot:5    | Killed an orb of fire
 76309 | Zot:5    | Killed an ancient lich
 76659 | Depths:5 | Noticed a seraph
 76659 | Depths:5 | Identified the +6 large shield of Fortification {rN+}
 77172 | D:5      | Noticed Xonuq the pandemonium lord
 77232 | D:$      | Escaped with the Orb!

Levels and vault maps discovered:
D:1:      tarquinn_simple_flora_water_b, layout_loops_ring, minivault_11
D:2:      layout_loops_ring, minmay_pentomino_w4
D:3:      layout_rooms, first_ration
D:4:      kennysheep_kobold_camp, layout_basic, uniq_grinder, uniq_ijyb
D:5:      layout_loops_ring, lemuel_blue_sif_altar, uniq_edmund
D:6:      layout_loops_ring, grunt_tough_drop
D:7:      layout_rooms, tso_metal_star, temple_statues
D:8:      layout_gridville, erik_lair_orcish_takeover
D:9:      layout_loops_ring, david_orc_5, eino_jars
D:10:     layout_long_grid, serial_shops, shop, minmay_fountain_box,
          hangedman_fish_farm, uniq_harold
D:11:     layout_roguey
D:12:     layout_rooms, nicolae_two_hexagons, minivault_29
D:13:     layout_roguey, david_vaults_2, special_room [special_room_orc],
          grunt_ministairs_4
D:14:     layout_stronghold, gauntlet_entry_generic,
          hangedman_decor_clover_reticule
D:15:     grunt_enter_depths_hoard, layout_basic, corexii_hall_statues_l,
          uniq_louise
Temple:   compressed_dpeg_circular_temple
Lair:1:   layout_cave_pods, uniq_sonja
Lair:2:   layout_loops_ring, nicolae_swamp_entry_splash_gauntlet,
          minmay_snake_entry_six_corridors, serial_bayou_lake_a
Lair:3:   layout_cave_pods, basic_altar, serial_bayou_ford_a,
          serial_bayou_shore_b, uniq_gastronok, uniq_prince_ribbit2, uniq_rupert
Lair:4:   layout_hall_layers, maelrawn_ghost_gauntlet_escape,
          beast_lair_carwin_5, uniq_snorg
Lair:5:   layout_loops_ring, minmay_slime_entry_pillars
Lair:6:   minmay_lair_end_enchanted_forest, layout_small_grid
Swamp:1:  layout_basic_swamp, nicolae_swamp_very_dense_foliage, swamp_pool4
Swamp:2:  layout_basic_swamp, hangedman_swamp_diagram
Swamp:3:  layout_falls_marsh, nicolae_swamp_stair_fork, swamp_pool3,
          nicolae_swamp_oklob_treasure_island
Swamp:4:  swamp_basic_johnstein, layout_basic_swamp, swamp_pool5
Snake:1:  layout_misc_corridors, serial_shops, nicolae_shop_trees,
          minmay_shop_grove, uniq_azrael
Snake:2:  minmay_snake_river, layout_rooms
Snake:3:  layout_chambers, ebering_ghost_xom, nicolae_snake_shapes, uniq_vashnia
Snake:4:  johnstein_snake_rune_scales, layout_rooms,
          nrook_guardian_serpent_ordinary, serial_bayou_shore_a, uniq_aizul
Slime:1:  layout_caves
Slime:2:  layout_caves, dissolution_awaits
Slime:3:  layout_caves
Slime:4:  layout_caves
Slime:5
Orc:1:    layout_caves
Orc:2:    grunt_orc_community_town_hall, layout_caves,
          grunt_orc_community_big_house_2, grunt_orc_community_big_house_1,
          grunt_orc_community_house_2, grunt_orc_community_house_2,
          grunt_orc_community_house_1, grunt_orc_community_house_3
Elf:1:    minmay_elf_arrival_circle, layout_loops_cross, serial_shops,
          nicolae_shop_stone, evilmike_minifort, minivault_15,
          minmay_checkered_concentric_circles
Elf:2:    layout_rooms, serial_shops, nicolae_shop_crystal, minivault_16,
          grunt_ministairs_2
Elf:3:    minmay_elf_hall_quartered_circle, layout_geoelf_grid,
          portal_ice_cave_entry_pillars_three, basic_altar, grunt_ministairs_14
Vaults:1: vaults_room_grunt_arrival_ludios, nicolae_vaults_rhombus_7, v_misc_24,
          vaults_dpeg_cross, nicolae_vaults_ring_of_whatevers,
          grunt_vaults_funnel, v_alt_pattern_2, hangedman_vaults_capsules,
          ontoclasm_vaults_fault, layout_vaults_omnigrid
Vaults:2: vaults_room_door_hall, vaults_room_boxed, hangedman_vaults_nails,
          ontoclasm_vaults_spin, minmay_crypt_entry_simple_round,
          nicolae_vaults_statue_guard, ontoclasm_vaults_pinch,
          nicolae_vaults_alarming, v_misc_11, layout_vaults_omnibox
Vaults:3: v_misc_22, ontoclasm_vaults_eye, nicolae_vaults_fighting_squares,
          hangedman_vaults_cutoff, hangedman_vaults_nails,
          nicolae_vaults_little_squares_4, vaults_dpeg_encased_lava,
          nicolae_vaults_network_square, vaults_mumra_hex,
          layout_vaults_omnicross, uniq_boris
Vaults:4: v_misc_28, nicolae_vaults_network_star, hangedman_vaults_stitches,
          hangedman_vaults_river_flow, vaults_dpeg_diagonal,
          hangedman_vaults_cutoff, v_misc_29, v_misc_25,
          dpeg_vaults_pockets_of_resistance, nicolae_vaults_little_squares_4,
          v_misc_14, ontoclasm_vaults_loading_screen,
          nicolae_vaults_circle_grid_b, layout_vaults_maze_bifur, serial_shops,
          shop, enter_trove_3
Vaults:5: uniq_sojobo
Crypt:1:  layout_misc_corridors, uniq_khufu, uniq_margery, uniq_mennas
Crypt:2:  layout_chaotic_city, basic_altar
Crypt:3:  cryptofortress_bobbens
Depths:1: layout_long_grid, pf_coc_iceberg, minmay_room_of_horrors,
          chequers_serial_rivers_room_b, onia_ninara_cookie
Depths:2: nicolae_whirlpool, layout_gridlike, pf_hell_entry_tar_river,
          grunt_decor_clamped, serial_bayou_shore_b, infiniplex_staircase_pool_2
Depths:3: minmay_the_grid_triangle_9x9_recursive_2_mashed
          [minmay_the_grid_triangle_9x9_prize_schism,
          minmay_the_grid_triangle_9x9_cache,
          minmay_the_grid_triangle_9x9_flanged_cone,
          minmay_the_grid_triangle_9x9_descending_squares], layout_cave_pools,
          gammafunk_ghost_split, grunt_pan_entry_spiral,
          marbit_kobold_abyss_entry, hell_entry, evilmike_ruin_ashenzari,
          serial_bayou_crossing
Depths:4: evilmike_marble_ring, layout_gridville, minmay_misc_feat_ornament,
          abyss_entry_small_statue_room, rand_demon_pan_entry_4, hell_entry
Depths:5: grunt_zot_entry_funnels, layout_basic, enter_ziggurat_e,
          glass_columns_a, special_room [special_room_morgue], hell_entry,
          grunt_megastairs_3
Hell
Zot:1:    layout_concentric_octagons, hangedman_zot_decor_scrapings,
          st_large_dragon_hoard_2
Zot:2:    layout_misc_corridors
Zot:3:    kennysheep_spiral_hall, layout_gridlike
Zot:4:    grunt_deathspiral_small, layout_cathedral_of_symmetry,
          grunt_ministairs_2, nicolae_transmutations_shop
Zot:5:    layout_misc_corridors

Skill      XL: |  1  2  3  4  5  6  7  8  9 10 11 12 13 14 15 16 17 18 19 20 21 22 23 24 25 26 27 |
---------------+----------------------------------------------------------------------------------+-----
Axes           | 3 5 6 7 8 10 12 13 15 16 19 20 21 | 21.0
Fighting       | 4 5 6 8 9 10 12 13 14 16 17 19 20 21 23 25 27 | 27.0
Armour         | 4 5 6 8 9 10 11 12 13 15 16 17 18 19 20 27 | 27.0
Shields        | 4 5 9 14 15 17 19 22 24 25 | 25.0
Dodging        | 3 5 6 7 8 9 10 11 12 13 15 16 19 21 | 21.7
Invocations    | 1 4 5 6 8 10 12 14 15 16 18 20 24 | 24.6
Evocations     | 4 7 8 12 | 12.0

Action                   |  1- 3 |  4- 6 |  7- 9 | 10-12 | 13-15 | 16-18 | 19-21 | 22-24 | 25-27 || total
-------------------------+-------+-------+-------+-------+-------+-------+-------+-------+-------++-------
Melee: War axe           |    77 |   130 |   436 |    98 |       |       |       |       |       ||   741
       Headbutt          |    14 |    19 |    78 |    71 |   348 |   425 |   612 |   764 |  1449 ||  3780
       Battleaxe         |       |       |       |   339 |    61 |       |       |       |       ||   400
       Morningstar       |       |       |       |    10 |     4 |       |       |       |       ||    14
       Trident           |       |       |       |       |  1326 |  1621 |  1837 |  2081 |  2685 ||  9550
       Broad axe         |       |       |       |       |       |       |       |       |  1032 ||  1032
       Sacred scourge    |       |       |       |       |       |       |       |       |   163 ||   163
 Fire: Hand crossbow     |       |       |       |       |     5 |       |       |       |       ||     5
Throw: Stone             |       |       |     4 |       |       |       |       |       |       ||     4
       Javelin           |       |       |       |       |       |       |       |       |     1 ||     1
Invok: Divine Shield     |       |       |       |     1 |     3 |     1 |       |       |     4 ||     9
       Summon Divine War |       |       |       |       |     6 |     4 |     7 |    13 |    21 ||    51
       Cleansing Flame   |       |       |       |       |       |     1 |     7 |    15 |    15 ||    38
       Brand Weapon With |       |       |       |       |       |       |       |       |     1 ||     1
 Abil: Evoke Flight      |       |       |       |       |       |     3 |     2 |     1 |     2 ||     8
       Stop Flying       |       |       |       |       |       |       |       |       |     1 ||     1
       Evoke Blink       |       |       |       |       |       |       |       |       |     1 ||     1
Evoke: Wand              |       |       |       |     4 |       |       |       |       |     5 ||     9
  Use: Scroll            |       |       |    10 |    12 |    10 |    10 |    12 |     8 |    45 ||   107
       Potion            |       |       |       |       |     4 |     4 |       |       |    17 ||    25
  Eat: Chunk             |       |     3 |    12 |    21 |    26 |    16 |    29 |     8 |    30 ||   145
       Ration            |       |       |     2 |     1 |     3 |     7 |     4 |     9 |    13 ||    39
Armor: Scale mail        |    28 |    75 |       |       |       |    11 |       |       |       ||   114
       Chain mail        |       |     2 |    78 |       |       |       |       |       |       ||    80
       Plate armour      |       |       |    85 |   186 |   248 |       |    43 |   448 |    52 ||  1062
       Storm dragon scal |       |       |       |       |    45 |   468 |   317 |       |       ||   830
       Gold dragon scale |       |       |       |       |       |       |       |       |   841 ||   841
Dodge: Dodged            |    24 |    34 |    54 |   135 |   268 |   511 |   385 |   496 |  1377 ||  3284
Block: Shield            |    46 |    49 |   189 |    58 |   540 |   489 |       |       |       ||  1371
       Reflection        |       |       |     1 |     6 |     3 |       |       |       |       ||    10
       Other             |       |       |       |    36 |     5 |       |       |       |       ||    41
       Large shield      |       |       |       |       |       |   661 |  1657 |  2081 |  3857 ||  8256
